 Dungeon Crawl Stone Soup version 0.30.1-3-gfc49f6343a (webtiles) character file.

Game seed: 1635043382151585333

1370 Descartes the Shield-Bearer (level 8, -1/64 HPs)
             Began as a Formicid Fighter on July 30, 2023.
             Slain by a two-headed ogre
             ... wielding a +0 giant club
              (3 damage)
             ... on level 6 of the Dungeon.
             The game lasted 00:06:17 (4266 turns).

Descartes the Shield-Bearer (Formicid Fighter)      Turns: 4266, Time: 00:06:17

Health: -1/64      AC:  9    Str: 28    XL:     8   Next: 97%
Magic:  8/8        EV: 10    Int:  9    God:
Gold:   292        SH: 11    Dex: 13    Spells: 7/7 levels left

rFire   . . .        a - +0 war axe
rCold   . . .        c - +0 buckler
rNeg    . . .        C - +2 scale mail {Will+}
rPois   .            (helmet unavailable)
rElec   .            (no cloak)
rCorr   .            (no gloves)
SInv    +            (no boots)
Will    +....        r - amulet of reflection Stlth
                     f - +6 ring of strength
HPRegen 0.30/turn    (no ring)
MPRegen 0.11/turn

%: reflection
@: no status effects
A: permanent stasis, dig shafts and tunnels, antennae 3, four strong arms
a: Dig, Shaft Self


You were on level 6 of the Dungeon.
You visited 1 branch of the dungeon, and saw 6 of its levels.

You collected 292 gold pieces.

Inventory:

Hand Weapons
 a - a +0 war axe (weapon)
 o - a +1 dagger of venom
 B - a +0 arbalest
Missiles
 t - 8 poisoned darts
 w - 2 throwing nets
Armour
 c - a +0 buckler (worn)
 C - a +2 scale mail of willpower (worn)
Jewellery
 f - a +6 ring of strength (left hand)
 r - an amulet of reflection (around neck)
Wands
 x - a wand of iceblast (1)
 A - a wand of light (11)
Scrolls
 e - 3 scrolls of magic mapping
 g - 7 scrolls of identify {unknown}
 h - 2 scrolls of amnesia {unknown}
 k - 2 scrolls of immolation {unknown}
 p - a scroll of poison {unknown}
 s - 2 scrolls of noise {unknown}
 u - 2 scrolls of vulnerability {unknown}
 v - a scroll of enchant armour {unknown}
 y - a scroll of fog {unknown}
Potions
 b - a potion of invisibility {unknown}
 d - a potion of might
 i - 4 potions of curing {unknown}
 j - 2 potions of degeneration {unknown}
 l - 3 potions of resistance {unknown}
 n - a potion of flight {unknown}
 q - a potion of berserk rage {unknown}
 z - 2 potions of mutation {unknown}


   Skills:
 + Level 6.0 Fighting
 + Level 4.9 Axes
 + Level 6.0 Armour
 + Level 7.2 Shields
 + Level 3.9 Translocations


You had 7 spell levels left.
You didn't know any spells.
Your spell library contained the following spells:

 Spells                   Type           Power      Damage    Failure   Level
 Freeze                   Ice            0%         1d3       67%         1
 Frozen Ramparts          Ice            0%         1d1       96%         3
 Hailstorm                Conj/Ice       0%         3d3       96%         3
 Summon Guardian Golem    Hex/Summ       0%         N/A       96%         3
 Summon Lightning Spire   Summ/Air       0%         N/A       100%        4
 Orb of Destruction       Conj           0%         9d5       100%        7
 Spellforged Servitor     Conj/Summ      0%         N/A       100%        7
 Storm Form               Tmut/Air       0%         N/A       100%        7
 Maxwell's Capacitive Co  Air            0%         ∞         100%        8


Dungeon Overview and Level Annotations

Branches:
Dungeon (6/15)
 Temple: D:4-7

Altars:
Ashenzari
Kikubaaqudgha
Qazlal
Vehumet
Xom

Shops:
D:4 *


Innate Abilities, Weirdness & Mutations

You cannot be hasted, slowed, berserked, paralysed or teleported.
You can dig through walls and to a lower floor.
You have a pair of large antennae on your head. (SInv)
Your four strong arms can wield two-handed weapons with a shield.


Message History

The hound is almost dead.
The hound bites you but does no damage. You block the hound's attack.
You barely miss the hound.
The hound is almost dead.
The hound barely misses you. The hound bites you but does no damage.
You slash the hound!
You kill the hound!
You slash the two-headed ogre!
The two-headed ogre is lightly wounded.
You block the two-headed ogre's attack. x2
You slash the two-headed ogre!
The two-headed ogre is moderately wounded.
You block the two-headed ogre's attack.
The two-headed ogre hits you but does no damage.
You slash the two-headed ogre!
The two-headed ogre is heavily wounded.
The two-headed ogre hits you with a +0 giant club!
You block the two-headed ogre's attack.
You closely miss the two-headed ogre.
The two-headed ogre is heavily wounded.
The two-headed ogre closely misses you. You block the two-headed ogre's attack.
You hit the two-headed ogre but do no damage.
The two-headed ogre is heavily wounded.
A two-headed ogre is nearby!
Unknown command.
You hit the two-headed ogre but do no damage.
The two-headed ogre is heavily wounded.
The two-headed ogre barely misses you.
The two-headed ogre hits you with a +0 giant club!!
Unknown command.
You completely miss the two-headed ogre.
The two-headed ogre is heavily wounded.
You block the two-headed ogre's attack.
The two-headed ogre hits you with a +0 giant club!
* * * LOW HITPOINT WARNING * * *
The two-headed ogre attacks as you move away!
The two-headed ogre hits you with a +0 giant club!
* * * LOW HITPOINT WARNING * * *
The two-headed ogre hits you with a +0 giant club.
You die...

### ##.# #<.#
#.####
##.<..#######
#....@......#
#....O......#
#.............
#..............
##.............
#..............
#.#............
.###...........


You could see a two-headed ogre.

Vanquished Creatures
  Grinder (D:4)
  Sigmund (D:2)
  An ice beast (D:5)
  An ogre (D:5)
  4 scorpions
  A howler monkey (D:4)
  2 hounds
  An orc priest (D:5)
  A jelly (D:4)
  A gnoll bouda (D:5)
  Jessica (D:2)
  3 iguanas
  2 orc wizards
  Robin (D:2)
  9 gnolls
  5 adders
  An ufetubus (D:5)
  4 dart slugs
  15 orcs
  7 bats
  4 endoplasms
  2 giant cockroaches
  12 goblins
  13 hobgoblins
  7 quokkas
  8 ball pythons
  5 frilled lizards
  6 kobolds
  20 rats
139 creatures vanquished.

Notes
Turn   | Place    | Note
-------+----------+-------------------------------------------
     0 | D:1      | Descartes the Formicid Fighter began the quest for the Orb.
     0 | D:1      | Reached XP level 1. HP: 18/18 MP: 1/1
    61 | D:1      | Reached XP level 2. HP: 17/24 MP: 2/2
   169 | D:1      | Reached XP level 3. HP: 29/29 MP: 3/3
   462 | D:1      | Reached skill level 1 in Translocations
   726 | D:2      | Reached XP level 4. HP: 26/37 MP: 4/4
   816 | D:2      | Noticed Jessica
   825 | D:2      | Killed Jessica
   956 | D:2      | Noticed Robin
   983 | D:2      | Reached XP level 5. HP: 39/42 MP: 5/5
  1023 | D:2      | Killed Robin
  1343 | D:2      | Noticed Sigmund
  1366 | D:2      | Killed Sigmund
  1367 | D:2      | Reached skill level 5 in Shields
  1367 | D:2      | Reached XP level 6. HP: 36/49 MP: 6/6
  1765 | D:3      | Found a radiant altar of Vehumet.
  2380 | D:4      | Reached XP level 7. HP: 49/55 MP: 7/7
  2423 | D:4      | Noticed Grinder
  2486 | D:4      | Killed Grinder
  2487 | D:4      | Reached skill level 6 in Shields
  2619 | D:4      | Reached skill level 5 in Fighting
  2647 | D:4      | Reached skill level 5 in Armour
  2726 | D:4      | Reached XP level 8. HP: 62/62 MP: 8/8
  3249 | D:4      | Found Ynileps's Fire Supplies.
  3558 | D:5      | Entered Level 5 of the Dungeon
  3618 | D:5      | Found a stormy altar of Qazlal.
  3645 | D:5      | Found an ancient bone altar of Kikubaaqudgha.
  3797 | D:5      | Found a broken altar of Ashenzari.
  3840 | D:5      | Reached skill level 7 in Shields
  4197 | D:5      | Found a shimmering altar of Xom.
  4253 | D:6      | Noticed a two-headed ogre
  4266 | D:6      | HP: 2/64 [two-headed ogre/+0 giant club (13)]
  4266 | D:6      | Slain by a two-headed ogre

Illustrated notes

Levels and vault maps discovered:
D:1:      heliophobic_arrival_dark_side_of_the_moon, layout_rooms, st_stairs_2
D:2:      layout_basic, uniq_robin, uniq_jessica, uniq_sigmund
D:3:      layout_loops_ring, mainiacjoe_overflow_concentric_impassable,
          serial_park_tiny_pond
D:4:      minmay_inner_zag, layout_gridville, nicolae_shop_fire_sale
          [nicolae_sub_dead_trees], chequers_serial_rivers_small_a,
          minmay_rat_hole, uniq_grinder
D:5:      layout_rooms, mainiacjoe_overflow_cross_hatched, kennysheep_mini_moat,
          grunt_qazlal_clouds, tgw_xom, amethyst_killhole
D:6:      layout_cave_pods, hangedman_abyss_or_decor_passed, serial_bayou_ford_a

Skill      XL: |  1  2  3  4  5  6  7  8 |
---------------+-------------------------+-----
Translocations | 1 2 3 |  3.9
Fighting       | 4 5 6 |  6.0
Axes           | 3 4 |  4.9
Armour         | 4 5 6 |  6.0
Shields        | 5 6 7 |  7.2

Action                     |  1- 3 |  4- 6 |  7- 9 || total
---------------------------+-------+-------+-------++-------
  Melee: War axe           |    68 |   103 |   182 ||   353
    Use: Potion            |       |     2 |     1 ||     3
         Scroll            |       |       |     1 ||     1
 Armour: Scale mail        |    40 |    11 |    19 ||    70
         Chain mail        |       |    42 |    49 ||    91
  Dodge: Dodged            |    37 |    36 |    72 ||   145
  Block: Buckler           |    19 |    34 |    76 ||   129
